AoeStats
← 猫咪先生

Arena

510274444Analyzed
2v2 RM · 11h ago on Sep 30, 2026· 89m 57s· 4 players
Game mode
Random Map
Map size
Medium (4 player)
Population
200
Speed
Normal
Resources
Standard
Victory
Conquest
Starting age
Dark Age
Ending age
Imperial Age
RankedLock teamsTeams togetherTeam positionsShared explorationLock speedFull tech treeHidden civsTurbo modeCheats
Victory
Defeat
🇨🇳 Sicilians · China
948
+16
🇨🇳 Turks · China
913
+17
🇬🇧 Saracens · United Kingdom
987
-19
🇬🇧 Turks · United Kingdom
890
-14
xiaoye
12:02 Feudal Age
13:19 Horse Collar
16:13 Castle Age
15:12 Loom
15:25 Double-Bit Axe
15:57 Gold Mining
22:48 Imperial Age
20:37 Town Watch
23:46 Padded Archer Armor
30:12 Leather Archer Armor
31:24 Bloodlines
33:56 Ring Archer Armor
38:18 Wheelbarrow
41:10 Conscription
42:07 Artillery
45:15 Bombard Tower
47:19 Hoardings
51:09 Elite Janissary
56:11 Husbandry
57:18 Caravan
62:06 Forging
62:02 Scale Barding Armor
62:52 Fortified Wall
66:55 Iron Casting
86:48 Blast Furnace
86:09 Chain Barding Armor
90:21 Hand Cart
90:07 Town Patrol
猫咪先生
10:51 Feudal Age
14:45 Castle Age
13:24 Double-Bit Axe
14:37 Horse Collar
20:17 Heavy Plow
20:30 Bow Saw
23:05 Wheelbarrow
28:01 Imperial Age
26:56 Gambesons
27:11 Squires
26:57 Arson
30:17 Crop Rotation
29:19 Elite Serjeant
30:13 Gold Mining
30:14 Stone Mining
31:49 First Crusade
32:20 Hand Cart
31:53 Loom
31:54 Town Watch
33:19 Conscription
33:44 Scale Mail Armor
33:54 Forging
33:58 Hauberk
34:06 Pikeman
35:26 Capped Ram
37:02 Chain Mail Armor
37:23 Iron Casting
36:37 Siege Ram
43:12 Halberdier
46:09 Plate Mail Armor
46:39 Blast Furnace
48:22 Husbandry
48:32 Bloodlines
47:43 Cavalier
51:12 Scale Barding Armor
51:22 Siege Engineers
51:29 Masonry
52:20 Chemistry
52:07 Caravan
57:01 Light Cavalry
68:49 Chain Barding Armor
76:38 Plate Barding Armor
85:15 Elite Skirmisher
87:39 Padded Archer Armor
87:30 Fletching
87:06 Onager
89:10 Leather Archer Armor
88:51 Bodkin Arrow
BaseClient77868
11:57 Feudal Age
10:31 Loom
20:41 Castle Age
22:40 Wheelbarrow
26:31 Horse Collar
26:38 Double-Bit Axe
39:10 Imperial Age
41:34 Man-at-Arms
44:17 Thumb Ring
49:09 Cavalier
49:51 Husbandry
50:01 Bloodlines
53:48 Caravan
55:13 Hand Cart
57:06 Conscription
57:11 Fletching
57:22 Padded Archer Armor
57:22 Scale Mail Armor
57:33 Forging
57:28 Scale Barding Armor
58:32 Bow Saw
58:29 Heavy Plow
58:59 Murder Holes
60:48 Artillery
61:39 Bodkin Arrow
62:00 Leather Archer Armor
62:00 Chain Mail Armor
62:20 Iron Casting
62:06 Chain Barding Armor
62:48 Heavy Camel Rider
64:14 Squires
64:00 Arson
64:55 Bracer
65:11 Long Swordsman
67:40 Plate Barding Armor
74:30 Two-Handed Swordsman
76:06 Ring Archer Armor
76:06 Plate Mail Armor
76:37 Blast Furnace
S1mmOJ
11:01 Feudal Age
16:37 Castle Age
14:55 Double-Bit Axe
18:12 Wheelbarrow
21:33 Horse Collar
27:30 Imperial Age
25:23 Stone Mining
25:43 Gold Mining
27:17 Bow Saw
27:45 Gold Shaft Mining
27:16 Heavy Plow
27:59 Husbandry
28:10 Bloodlines
29:19 Hand Cart
28:42 Elite Mameluke
30:22 Conscription
30:31 Forging
31:35 Hand Cart
32:52 Iron Casting
35:01 Blast Furnace
34:38 Caravan
35:28 Scale Barding Armor
39:37 Loom
58:57 Two-Man Saw
60:49 Chain Barding Armor
67:18 Plate Barding Armor
Connection lost

Rejoining the realm…

Still unreachable

The connection could not be restored.

Session expired

The server has moved on; the page needs a fresh start.